 Dungeon Crawl Stone Soup version 0.30-a0-737-gf23d94013f (webtiles) character file.

Game seed: 2495906919473969412

359 zinnoa the Sneak (level 6, -1/36 HPs)
             Began as a Kobold Enchanter on Feb 2, 2023.
             Slain by a black bear (7 damage)
             ... on level 4 of the Dungeon.
             The game lasted 00:08:14 (3953 turns).

zinnoa the Sneak (Kobold Enchanter)                 Turns: 3953, Time: 00:08:15

Health: -1/36      AC:  2    Str:  8    XL:     6   Next: 98%
Magic:  2/11       EV: 15    Int: 16    God:
Gold:   150        SH:  0    Dex: 15    Spells: 9/11 levels left

rFire   . . .      SeeInvis .    a - +1 dagger
rCold   . . .      Faith    .    (no shield)
rNeg    . . .      Spirit   .    b - +0 robe
rPois   .          Reflect  .    (no helmet)
rElec   .          Harm     .    (no cloak)
rCorr   .          Rampage  .    (no gloves)
Will    .....                    (no boots)
Stlth   ++++                     (no amulet)
HPRegen 0.26/turn                (no ring)
MPRegen 0.12/turn                (no ring)

@: no status effects
A: small, no large weapons, nightstalker 3
a: no special abilities


You were on level 4 of the Dungeon.
You visited 1 branch of the dungeon, and saw 4 of its levels.

You collected 150 gold pieces.

Inventory:

Hand Weapons
 a - a +1 dagger (weapon)
Armour
 b - a +0 robe (worn)
Jewellery
 p - a +6 ring of dexterity
Wands
 q - a wand of flame (8)
Scrolls
 d - 2 scrolls of blinking {unknown}
 e - 2 scrolls of fear {unknown}
 f - 2 scrolls of enchant weapon {unknown}
 h - a scroll of amnesia {unknown}
 j - a scroll of poison {unknown}
 l - 2 scrolls of teleportation {unknown}
 r - a scroll of magic mapping {unknown}
 s - a scroll of identify {unknown}
Potions
 c - 4 potions of invisibility
 g - 3 potions of curing {unknown}
 i - a potion of cancellation {unknown}
 k - 2 potions of flight {unknown}
 m - 3 potions of lignification {unknown}
 n - 3 potions of brilliance {unknown}
 o - a potion of heal wounds {unknown}
 t - a potion of berserk rage {unknown}


   Skills:
 * Level 2.6 Fighting
 * Level 3.5 Short Blades
 * Level 3.6 Dodging
 + Level 6.2 Stealth
 * Level 3.3 Spellcasting
 + Level 3.4 Hexes
 + Level 1.0 Ice Magic


You had 9 spell levels left.
You knew the following spells:

 Your Spells              Type           Power      Damage    Failure   Level
a - Ensorcelled Hibernat  Hex/Ice        18%        N/A       11%         2

Your spell library contained the following spells:

 Spells                   Type           Power      Damage    Failure   Level
 Confusing Touch          Hex            13%        N/A       13%         3
 Tukima's Dance           Hex            13%        N/A       13%         3
 Dazzling Flash           Conj/Hex       16%        N/A       26%         3


Dungeon Overview and Level Annotations

Branches:
Dungeon (4/15)             Temple (0/1) D:4

Altars:
Hepliaklqana


Innate Abilities, Weirdness & Mutations

You are small and have problems with some larger weapons.
You are completely attuned to the shadows.


Message History

You hit the black bear.
The black bear is heavily wounded.
The black bear misses you. The black bear claws you.
The black bear barely misses you.
You barely miss the black bear.
The black bear is heavily wounded.
The black bear barely misses you. x2; The black bear misses you.
You hit the black bear but do no damage.
The black bear is moderately wounded.
The black bear bites you! The black bear claws you.
* * * LOW HITPOINT WARNING * * *
The black bear claws you but does no damage.
You hit the black bear.
The black bear is heavily wounded.
The black bear closely misses you. The black bear barely misses you.
The black bear misses you.
You barely miss the black bear.
The black bear is heavily wounded.
The black bear barely misses you. The black bear completely misses you.
The black bear barely misses you.
You barely miss the black bear.
The black bear is heavily wounded.
Your magical contamination has completely faded away.
You hit the black bear.
The black bear is severely wounded.
The black bear closely misses you. x3
You completely miss the black bear.
The black bear is severely wounded.
The black bear barely misses you. The black bear misses you.
The black bear claws you.
* * * LOW HITPOINT WARNING * * *
You hit the black bear.
The black bear is severely wounded.
The black bear bites you.
* * * LOW HITPOINT WARNING * * *
The black bear barely misses you. The black bear misses you.
You hit the black bear.
The black bear is severely wounded.
The black bear bites you!
You die...

.....# .....####
.....## .....#
......+ .....#
......# #####.#
....... '#...#'#
##### .....##
.......#####...###
...#+#
..........#.#'#...#
##
.........##...###.#
.#
...)...@h'......#.#
.#
#.......##......#..
.#
#.......#.......#...
.+ ####'####.......+
.# #.....(.#.......#
.# #.......##......#
.# .........'.....
#### ......)..##...#
...#+
..........#.#+#


You could see a black bear.

Vanquished Creatures
  An ogre (D:3)
  A necrophage (D:4)
  Natasha (D:3)
  Terence (D:2)
  An orc wizard (D:4)
  5 adders
  An ufetubus (D:4)
  A worm (D:3)
  A dart slug (D:4)
  4 orcs (D:4)
  4 endoplasms
  3 giant cockroaches (D:1)
  10 goblins
  7 hobgoblins
  2 jackals (D:1)
  7 kobolds
  7 quokkas
  10 ball pythons
  7 bats
  7 frilled lizards
  6 rats
87 creatures vanquished.

Notes
Turn   | Place    | Note
-------+----------+-------------------------------------------
     0 | D:1      | zinnoa the Kobold Enchanter began the quest for the Orb.
     0 | D:1      | Reached XP level 1. HP: 10/10 MP: 3/3
   123 | D:1      | Reached XP level 2. HP: 15/15 MP: 5/5
   393 | D:1      | Reached skill level 1 in Fighting
   393 | D:1      | Reached XP level 3. HP: 20/20 MP: 6/6
   537 | D:1      | Learned a level 2 spell: Ensorcelled Hibernation
   591 | D:1      | Found a faded altar of an unknown god.
  1278 | D:2      | Identified the +2 spear "Meluwkurch" {freeze, Contam rN+
                  | Int+4}
  1391 | D:2      | Reached XP level 4. HP: 25/25 MP: 7/7
  1485 | D:2      | Noticed Terence
  1489 | D:2      | Killed Terence
  1679 | D:2      | Reached skill level 5 in Stealth
  2379 | D:3      | Reached XP level 5. HP: 30/30 MP: 6/9
  2426 | D:3      | Identified the +0 scale mail "Puxuva Qara" {Will+ Regen+
                  | Str+3 Int+4}
  2672 | D:3      | Found a hazy altar of Hepliaklqana.
  2873 | D:3      | Noticed an ogre
  2878 | D:3      | Killed an ogre
  2879 | D:3      | Reached XP level 6. HP: 35/35 MP: 10/10
  2896 | D:3      | Noticed Natasha
  2904 | D:3      | Killed Natasha
  3356 | D:4      | Reached skill level 6 in Stealth
  3356 | D:4      | Reached skill level 1 in Ice Magic
  3594 | D:4      | Found a staircase to the Ecumenical Temple.
  3923 | D:4      | Noticed a black bear
  3953 | D:4      | Slain by a black bear

Illustrated notes

Levels and vault maps discovered:
D:1:      onia_arrival_mini_spirals, layout_loops_cross,
          shapermc_ecumenical_altar_venn, minmay_quantized
D:2:      minmay_wonky_spiral, layout_loops_ring,
          hangedman_abyss_or_decor_lesser_grid, kennysheep_another_room,
          uniq_terence
D:3:      layout_basic, mainiacjoe_overflow_six_doors_small, uniq_natasha
D:4:      nicolae_cairo_tiling_very_big, layout_loops_cross,
          mainiacjoe_overflow_concentric_impassable, minmay_temple_entry_hall

Skill      XL: |  1  2  3  4  5  6 |
---------------+-------------------+-----
Fighting       | 1 2 |  2.6
Short Blades   | 2 3 |  3.5
Dodging        | 3 |  3.6
Stealth        | 5 6 |  6.2
Spellcasting   | 3 |  3.3
Ice Magic      | 1 |  1.0
Hexes          | |  3.4

Action                     |  1- 3 |  4- 6 || total
---------------------------+-------+-------++-------
  Melee: Dagger            |    87 |   115 ||   202
         Punch             |     1 |       ||     1
   Cast: Ensorcelled Hiber |     5 |    31 ||    36
   Stab: Sleeping          |    28 |    35 ||    63
         Distracted        |     1 |       ||     1
 Armour: Robe              |     6 |    10 ||    16
  Dodge: Dodged            |    44 |   129 ||   173

Table legend: (Time is in decaauts)
 A = Elapsed time spent in this place.
 B = Non-inter-level travel time spent in this place.
 C = Inter-level travel time spent in this place.
 D = Time resting spent in this place.
 E = Time spent auto-exploring this place.
 F = Levels seen in this place.
 G = Mean time per level.
                   A        B        C        D        E       F      G
               +--------+--------+--------+--------+--------+-----+--------+
         Total |   3927 |   3833 |     94 |    648 |   2604 |   4 |  981.8 |
       Dungeon |   3927 |   3833 |     94 |    648 |   2604 |   4 |  981.8 |
               +--------+--------+--------+--------+--------+-----+--------+

Top non-repeatable levels by time:
     D:3: 1189 daAuts
     D:2: 1128 daAuts
     D:1: 989 daAuts
     D:4: 619 daAuts
